 Dungeon Crawl Stone Soup version 0.31-a0-521-gc7390f8997 (webtiles) character file.

Game seed: 15040452462692452946

777 Shayle the Ogre Mage (level 7, -4/62 HPs)
             Began as an Ogre Shapeshifter on Aug 10, 2023.
             Was an Initiate of Kikubaaqudgha.
             Slain by a vampire mosquito (10 damage)
             ... on level 6 of the Dungeon on Aug 11, 2023.
             The game lasted 00:14:34 (5295 turns).

Shayle the Ogre Mage (Ogre Shapeshifter)            Turns: 5295, Time: 00:14:35

Health: -4/62      AC:  3    Str: 20    XL:     7   Next: 84%
Magic:  0/15       EV:  8    Int: 11    God:    Kikubaaqudgha [......]
Gold:   252        SH:  8    Dex:  9    Spells: 17/17 levels left

rFire   + .          .
                       - Unarmed
rCold   . . .        z - +2 kite shield {rPois}
rNeg    . . .        a - +0 animal skin
rPois   +            (helmet currently unavailable)
rElec   .            (cloak currently unavailable)
rCorr   .            (gloves unavailable)
SInv    .            (boots unavailable)
Will    .....        B - amulet of guardian spirit
Stlth   +            o - ring of poison resistance
HPRegen 0.30/turn    s - ring of protection from fire
MPRegen 0.14/turn

%: guardian spirit
@: about to teleport, beast-form
A: beast (slay +2), large, unfitting armour, tough skin 1
a: Begin Untransformation, Renounce Religion


You were on level 6 of the Dungeon.
You worshipped Kikubaaqudgha.
Kikubaaqudgha was noncommittal.
You were a hulking beast.
You visited 2 branches of the dungeon, and saw 7 of its levels.

You collected 252 gold pieces.

Inventory:

Hand Weapons
 h - a +2 short sword of venom
Missiles
 y - 5 curare-tipped darts
Armour
 a - a +0 animal skin (worn)
 z - a +2 kite shield of poison resistance (worn)
Jewellery
 e - a +6 ring of dexterity
 i - a +5 ring of evasion
 k - a ring of wizardry
 o - a ring of poison resistance (left hand)
 s - a ring of protection from fire (right hand)
 B - an amulet of guardian spirit (around neck)
Talismans
 c - a beast talisman (active)
 d - a flux talisman
Scrolls
 j - 2 scrolls of amnesia {unknown}
 l - a scroll of teleportation
 p - a scroll of immolation {unknown}
 v - a scroll of fog {unknown}
 x - a scroll of revelation {unknown}
 A - a scroll of noise {unknown}
 C - a scroll of enchant armour {unknown}
 D - a scroll of acquirement {unknown}
 E - a scroll of poison {unknown}
Potions
 b - a potion of mutation {unknown}
 f - 3 potions of attraction
 g - a potion of ambrosia {unknown}
 n - a potion of berserk rage {unknown}
 q - 3 potions of haste
 r - 3 potions of resistance {unknown}
 t - 4 potions of magic {unknown}
 u - a potion of heal wounds {unknown}
 w - a potion of enlightenment {unknown}


   Skills:
 - Level 1.3 Fighting
 - Level 1.7 Dodging
 + Level 0.0 Shields
 + Level 5.8 Unarmed Combat
 + Level 5.9 Spellcasting
 + Level 2.4 Necromancy
 - Level 3.0 Shapeshifting


You had 17 spell levels left.
You didn't know any spells.
Your spell library contained the following spells:

 Spells                   Type           Power      Damage    Failure   Level
 Necrotise                Necr           32%        1d5       21%         1
 Apportation              Tloc           6%         N/A       50%         1
 Summon Small Mammal      Summ           12%        N/A       50%         1


Dungeon Overview and Level Annotations

Branches:
Dungeon (6/15)             Temple (1/1) D:4

Altars:
Ashenzari
Cheibriados
Dithmenos
Fedhas
Gozag
Hepliaklqana
Kikubaaqudgha
Makhleb
Nemelex Xobeh
Okawaru
Qazlal
Ru
Sif Muna
Trog
Uskayaw
Vehumet
Wu Jian
Xom
Yredelemnul
Zin
The Shining One

Shops:
D:1 =[==

Annotations:
D:3 3 runed translucent doors, Splishie's ghost, amateur DrSh; hgbash's ghost, amateur TrFi; innerfire43's ghost, amateur GnSh
D:4 3 runed translucent doors, javelincjr's ghost, amateur DsFi


Innate Abilities, Weirdness & Mutations

You are a hulking beast.
Your limbs bulge with bestial killing power. (Slay +2)
You are too large for most types of armour.
You have tough skin. (AC +1)


Message History

You block the orc's attack.
You miss the vampire mosquito. The vampire mosquito bites you.
The vampire mosquito draws strength from your injuries!
The vampire mosquito completely misses you.
You block the orc's attack. The vampire mosquito bites you.
The vampire mosquito draws strength from your injuries!
You punch the vampire mosquito!
The vampire mosquito is moderately damaged.
The vampire mosquito bites you.
The vampire mosquito draws strength from your injuries!
You block the orc's attack.
You hit the vampire mosquito.
The vampire mosquito is heavily damaged.
The vampire mosquito barely misses you. The vampire mosquito bites you!
The vampire mosquito draws strength from your injuries!
The orc hits you from afar with a +0 spear.
You block the vampire mosquito's attack.
You closely miss the vampire mosquito.
The vampire mosquito is moderately damaged.
The orc hits you from afar with a +0 spear.
The vampire mosquito bites you!
* * * LOW HITPOINT WARNING * * *
The vampire mosquito draws strength from your injuries!
You barely miss the vampire mosquito.
The vampire mosquito is moderately damaged.
The vampire mosquito bites you!
* * * LOW HITPOINT WARNING * * *
The vampire mosquito draws strength from your injuries!
You block the orc's attack. The vampire mosquito bites you.
* * * LOW HITPOINT WARNING * * *
The vampire mosquito draws strength from your injuries!
You feel better.
You block the vampire mosquito's attack.
The orc hits you but does no damage. The vampire mosquito bites you!
* * * LOW HITPOINT WARNING * * *
The vampire mosquito draws strength from your injuries!
As you read the scroll of teleportation, it crumbles to dust.
You feel strangely unstable. The vampire mosquito bites you!
You die...
Kikubaaqudgha rasps: "You have failed me!
Welcome... death!"

########
#....#..##########
#....#...........#...
#....#...........+...
#...h#..........(#...
#...y#####..##..##...
####o...###'##..#....
+....#...+...#....
#....'...#...#....
#....###.###.#....
#..... #.###.##'#.
#......#..#.....#.
#......+..#.....#.


You could see a vampire mosquito and an orc.

Vanquished Creatures
  An ice beast (D:5)
  Blork the orc (D:4)
  A gnoll sergeant (D:4)
  A scorpion (D:4)
  3 orc priests
  2 sleepcaps
  3 iguanas
  4 orc wizards
  3 gnolls
  3 adders
  An ufetubus (D:5)
  3 worms
  2 dart slugs
  25 orcs
  A bat (D:1)
  6 endoplasms
  3 giant cockroaches (D:1)
  6 hobgoblins
  3 jackals (D:1)
  4 quokkas
  3 ball pythons
  A frilled lizard (D:1)
  6 goblins
  4 kobolds
  7 rats
97 creatures vanquished.

Notes
Turn   | Place    | Note
-------+----------+-------------------------------------------
     0 | D:1      | Shayle the Ogre Shapeshifter began the quest for the Orb.
     0 | D:1      | Reached XP level 1. HP: 19/19 MP: 1/1
   290 | D:1      | Reached skill level 1 in Spellcasting
   296 | D:1      | Reached XP level 2. HP: 22/27 MP: 3/3
   417 | D:1      | Found Luamoepi's Jewellery Shop.
   519 | D:1      | Found Haenu's Jewellery Shoppe.
   610 | D:1      | Reached XP level 3. HP: 22/33 MP: 5/5
   697 | D:1      | Found Canol's Armour Boutique.
   872 | D:1      | Found Papeir's Jewellery Boutique.
  1226 | D:2      | Found a stormy altar of Qazlal.
  1498 | D:2      | Found a faded altar of an unknown god.
  1848 | D:3      | Reached XP level 4. HP: 37/41 MP: 7/7
  2361 | D:3      | Reached XP level 5. HP: 36/48 MP: 8/10
  2525 | D:3      | Found a glowing silver altar of Zin.
  2696 | D:3      | Found a runed translucent gate.
  2696 | D:3      | Found a runed translucent gate.
  2696 | D:3      | Found a runed translucent gate.
  2700 | D:3      | Noticed innerfire43's ghost (amateur GnSh)
  2700 | D:3      | Noticed hgbash's ghost (amateur TrFi)
  2700 | D:3      | Noticed Splishie's ghost (amateur DrSh)
  2791 | D:4      | Found a runed translucent gate.
  2793 | D:4      | Found a runed translucent gate.
  2796 | D:4      | Noticed javelincjr's ghost (amateur DsFi)
  2797 | D:4      | Found a runed translucent gate.
  2829 | D:4      | Reached XP level 6. HP: 54/55 MP: 12/12
  2867 | D:4      | Found a staircase to the Ecumenical Temple.
  2879 | Temple   | Entered the Ecumenical Temple
  2923 | Temple   | Became a worshipper of Kikubaaqudgha
  3311 | D:4      | Noticed Blork the orc
  3323 | D:4      | Killed Blork the orc
  3324 | D:4      | Reached skill level 5 in Unarmed Combat
  3585 | D:4      | Reached skill level 5 in Spellcasting
  3763 | D:5      | Entered Level 5 of the Dungeon
  3829 | D:5      | Reached XP level 7. HP: 46/62 MP: 10/14
  3910 | D:5      | Reached skill level 1 in Necromancy
  4286 | D:5      | HP: 3/62 [gnoll sergeant/+0 trident (13)]
  4524 | D:6      | Noticed a vampire mosquito
  4524 | D:6      | Noticed a vampire mosquito
  4525 | D:6      | Noticed a vampire mosquito
  5295 | D:6      | Slain by a vampire mosquito

Illustrated notes

Levels and vault maps discovered:
D:1:      giann_wishing_wells, layout_basic, serial_shops,
          nicolae_shop_real_fake_doors, shop, nicolae_shop_gaudy_bauble,
          nicolae_shop_statue_plus
D:2:      layout_loops_ring, basic_altar, shapermc_ecumenical_altar_pompeii
D:3:      layout_basic, lemuel_tele_altar, gammafunk_ghost_cemetery,
          minmay_misc_feat_cross
D:4:      layout_rooms, minmay_temple_entry_slanted, gammafunk_ghost_split,
          uniq_blork_the_orc
D:5:      layout_rooms, minmay_misc_feat_room
D:6:      layout_gridville, nrook_pool_corridor
Temple:   mainiacjoe_temple_cubbyholes

Skill      XL: |  1  2  3  4  5  6  7 |
---------------+----------------------+-----
Spellcasting   | 1 2 3 4 5 |  5.9
Unarmed Combat | 3 4 5 |  5.8
Necromancy     | 2 |  2.4
Fighting       | |  1.3
Dodging        | |  1.7
Shapeshifting  | |  3.0

Action                     |  1- 3 |  4- 6 |  7- 9 || total
---------------------------+-------+-------+-------++-------
  Melee: Unarmed           |   135 |   174 |    62 ||   371
         Punch             |     1 |     7 |     5 ||    13
         Short sword       |       |       |    32 ||    32
    Use: Potion            |     1 |       |     4 ||     5
         Scroll            |       |       |     5 ||     5
   Stab: Sleeping          |     2 |     1 |       ||     3
 Armour: Animal skin       |    33 |    18 |    14 ||    65
         Skin              |       |       |     6 ||     6
  Dodge: Dodged            |    58 |    88 |    28 ||   174
  Block: Kite shield       |       |       |    16 ||    16

Table legend: (Time is in decaauts)
 A = Elapsed time spent in this place.
 B = Non-inter-level travel time spent in this place.
 C = Inter-level travel time spent in this place.
 D = Time resting spent in this place.
 E = Time spent auto-exploring this place.
 F = Levels seen in this place.
 G = Mean time per level.
                   A        B        C        D        E       F      G
               +--------+--------+--------+--------+--------+-----+--------+
         Total |   5269 |   5111 |    158 |   1145 |   2711 |   7 |  752.7 |
       Dungeon |   4887 |   4771 |    116 |    877 |   2711 |   6 |  814.5 |
        Temple |    382 |    340 |     42 |    268 |      0 |   1 |  382.0 |
               +--------+--------+--------+--------+--------+-----+--------+

Top non-repeatable levels by time:
     D:3: 1122 daAuts
     D:1: 1050 daAuts
     D:4: 899 daAuts
     D:5: 777 daAuts
     D:2: 556 daAuts
     D:6: 481 daAuts
  Temple: 382 daAuts
